IL
GWINNETT BRAVES @ OKLAHOMA CITY DODGERS
08/28/2048
 
TOP OF THE 1ST
Gwinnett Braves batting - Pitching for Oklahoma City Dodgers : RHP Mike Zimmerly
Pitching: RHP Mike Zimmerly
Batting: RHB Nate Taylor 0-0: Foul Ball, location: 2F
0-1: Ball
1-1: Foul Ball, location: 2F
1-2: Ball
2-2: Ball
3-2: Strikes out swinging
Batting: RHB Edgar Castillo 0-0: Called Strike
0-1: Swinging Strike
0-2: Ball
1-2: Foul Ball, location: 2F
1-2: Strikes out looking
Batting: LHB Chris Locklear 0-0: Ball
1-0: Called Strike
1-1: SINGLE (Flyball, 56D, EV 95.6 MPH)
Batting: SHB Brian Bagley 0-0: Called Strike
0-1: Called Strike
0-2: Ball
1-2: Reached on error, E4 (Groundball, 34, EV 90.6 MPH)
Chris Locklear to third
Batting: RHB Dave Nickerson 0-0: Called Strike
0-1: Swinging Strike
0-2: 3-RUN HOME RUN (Flyball, 9LD, EV 93.1 MPH), Distance : 338 ft
Batting: LHB Mark Buchholz 0-0: Called Strike
0-1: Ground out 1-3 (Groundball, 15S, EV 73.8 MPH)
Top of the 1st over - 3 runs, 2 hits, 1 error, 0 left on base; Gwinnett 3 - Oklahoma City 0
BOTTOM OF THE 1ST
Oklahoma City Dodgers batting - Pitching for Gwinnett Braves : LHP Eduardo Baez
Pitching: LHP Eduardo Baez
Batting: RHB Theo Schepers 0-0: Ball
1-0: Ball
2-0: Foul Ball, location: 2F
2-1: Swinging Strike
2-2: Ground out 4-3 (Groundball, 4, EV 85.6 MPH)
Batting: RHB Jeremy Giesler 0-0: Ball
1-0: Called Strike
1-1: Foul Ball, location: 2F
1-2: Foul Ball, location: 2F
1-2: Foul Ball, location: 2F
1-2: Foul Ball, location: 2F
1-2: Ball
2-2: Strikes out swinging
Batting: RHB Curt Earnest 0-0: Ball
1-0: Ball
2-0: Fly out, F2 (Popup, 2R, EV 88.8 MPH)
Bottom of the 1st over - 0 runs, 0 hits, 0 errors, 0 left on base; Gwinnett 3 - Oklahoma City 0
TOP OF THE 2ND
Gwinnett Braves batting - Pitching for Oklahoma City Dodgers : RHP Mike Zimmerly
Batting: RHB Alex Munoz 0-0: Swinging Strike
0-1: Foul Ball, location: 2F
0-2: Ball
1-2: Strikes out looking
Batting: SHB David Beauchamp 0-0: Called Strike
0-1: Ball
1-1: Ball
2-1: Fly out, F9 (Flyball, 9LM, EV 80.6 MPH)
Batting: RHB Mike Meeker 0-0: Fly out, F4 (Popup, 3DF, EV 49.4 MPH)
Top of the 2nd over - 0 runs, 0 hits, 0 errors, 0 left on base; Gwinnett 3 - Oklahoma City 0
BOTTOM OF THE 2ND
Oklahoma City Dodgers batting - Pitching for Gwinnett Braves : LHP Eduardo Baez
Batting: RHB Carlos Talavera 0-0: Ground out 4-3 (Groundball, 4, EV 87.5 MPH)
Batting: LHB Steve Pond 0-0: Called Strike
0-1: Called Strike
0-2: Fly out, F8 (Line Drive, 8LM, EV 88.1 MPH)
Batting: LHB Chris Fandino 0-0: Fly out, F9 (Flyball, 9D, EV 101.9 MPH)
Bottom of the 2nd over - 0 runs, 0 hits, 0 errors, 0 left on base; Gwinnett 3 - Oklahoma City 0
TOP OF THE 3RD
Gwinnett Braves batting - Pitching for Oklahoma City Dodgers : RHP Mike Zimmerly
Batting: RHB Nate Taylor 0-0: Ball
1-0: Ball
2-0: Called Strike
2-1: Called Strike
2-2: Ground out U3 (Groundball, 34S, EV 65.0 MPH)
Batting: RHB Edgar Castillo 0-0: Called Strike
0-1: Ball
1-1: Ball
2-1: Swinging Strike
2-2: Ground out 6-3 (Groundball, 6, EV 78.1 MPH)
Batting: LHB Chris Locklear 0-0: SINGLE (Flyball, 3D, EV 87.5 MPH)
Batting: SHB Brian Bagley 0-0: Called Strike
Chris Locklear steals 2nd base
0-1: Ground out 4-3 (Groundball, 34, EV 80.0 MPH)
Top of the 3rd over - 0 runs, 1 hit, 0 errors, 1 left on base; Gwinnett 3 - Oklahoma City 0
BOTTOM OF THE 3RD
Oklahoma City Dodgers batting - Pitching for Gwinnett Braves : LHP Eduardo Baez
Batting: LHB Robin More 0-0: Called Strike
0-1: Swinging Strike
0-2: Foul Ball, location: 2F
0-2: Ball
1-2: Ball
2-2: SINGLE (Groundball, 5L, EV 81.2 MPH) (infield hit)
Batting: RHB T.J. Jordan 0-0: Ball
1-0: Called Strike
1-1: Called Strike
1-2: Foul Ball, location: 2F
1-2: Ball
2-2: Strikes out swinging
Batting: LHB Darrell Ortega 0-0: Called Strike
0-1: Swinging Strike
0-2: Strikes out swinging
Batting: RHB Theo Schepers 0-0: Ground out 5-3 (Groundball, 56S, EV 86.2 MPH)
Bottom of the 3rd over - 0 runs, 1 hit, 0 errors, 1 left on base; Gwinnett 3 - Oklahoma City 0
TOP OF THE 4TH
Gwinnett Braves batting - Pitching for Oklahoma City Dodgers : RHP Mike Zimmerly
Batting: RHB Dave Nickerson 0-0: Called Strike
0-1: Foul Ball, location: 2F
0-2: Foul Ball, location: 2F
0-2: Ball
1-2: Strikes out looking
Batting: LHB Mark Buchholz 0-0: Ground out U3 (Groundball, 3, EV 78.1 MPH)
Batting: RHB Alex Munoz 0-0: Ball
1-0: Called Strike
1-1: Swinging Strike
1-2: Ball
2-2: Strikes out swinging
Top of the 4th over - 0 runs, 0 hits, 0 errors, 0 left on base; Gwinnett 3 - Oklahoma City 0
BOTTOM OF THE 4TH
Oklahoma City Dodgers batting - Pitching for Gwinnett Braves : LHP Eduardo Baez
Batting: RHB Jeremy Giesler 0-0: Foul Ball, location: 2F
0-1: Ground out 6-3 (Groundball, 6, EV 85.6 MPH)
Batting: RHB Curt Earnest 0-0: Ball
1-0: Ball
2-0: Ball
3-0: Base on Balls
Batting: RHB Carlos Talavera 0-0: Reached on error, E1 (Groundball, P, EV 63.8 MPH)
Curt Earnest to second
Batting: LHB Steve Pond 0-0: Ball
1-0: Ball
2-0: SINGLE (Line Drive, 9S, EV 108.8 MPH)
Curt Earnest to third
Carlos Talavera to second
Batting: LHB Chris Fandino 0-0: Ball
1-0: Foul Ball, location: 2F
1-1: Ball
2-1: Ball
3-1: Swinging Strike
3-2: Foul Ball, location: 2F
3-2: Strikes out swinging
Batting: LHB Robin More 0-0: Ball
1-0: SINGLE (Line Drive, 56, EV 100.0 MPH)
Curt Earnest scores
Carlos Talavera to third
Steve Pond to second
Runner from 3rd tries for Home, SAFE, throw by LF to home
Batting: RHB T.J. Jordan 0-0: Ball
1-0: Ball
2-0: Foul Ball, location: 2F
2-1: Swinging Strike
2-2: Strikes out looking
Bottom of the 4th over - 2 runs, 2 hits, 1 error, 2 left on base; Gwinnett 3 - Oklahoma City 2
TOP OF THE 5TH
Gwinnett Braves batting - Pitching for Oklahoma City Dodgers : RHP Mike Zimmerly
Batting: SHB David Beauchamp 0-0: Called Strike
0-1: Ground out 3-1 (Groundball, 34S, EV 85.0 MPH)
Batting: RHB Mike Meeker 0-0: Foul Ball, location: 2F
0-1: Ground out 5-3 (Groundball, 56S, EV 91.2 MPH)
Batting: RHB Nate Taylor 0-0: Ball
1-0: Ball
2-0: Ball
3-0: Base on Balls
Batting: RHB Edgar Castillo 0-0: Called Strike
0-1: Ball
1-1: Foul Ball, location: 2F
1-2: Fly out, F8 (Line Drive, 8LD, EV 93.8 MPH)
Top of the 5th over - 0 runs, 0 hits, 0 errors, 1 left on base; Gwinnett 3 - Oklahoma City 2
BOTTOM OF THE 5TH
Oklahoma City Dodgers batting - Pitching for Gwinnett Braves : LHP Eduardo Baez
Batting: LHB Darrell Ortega 0-0: Ground out 1-3 (Groundball, 13S, EV 77.5 MPH)
Batting: RHB Theo Schepers 0-0: Ball
1-0: Ball
2-0: Called Strike
2-1: Called Strike
2-2: Strikes out swinging
Batting: RHB Jeremy Giesler 0-0: Foul Ball, location: 2F
0-1: Swinging Strike
0-2: Strikes out looking
Bottom of the 5th over - 0 runs, 0 hits, 0 errors, 0 left on base; Gwinnett 3 - Oklahoma City 2
TOP OF THE 6TH
Gwinnett Braves batting - Pitching for Oklahoma City Dodgers : RHP Mike Zimmerly
Batting: LHB Chris Locklear 0-0: Ball
1-0: Called Strike
1-1: Ball
2-1: Foul Ball, location: 2F
2-2: Strikes out swinging
Batting: SHB Brian Bagley 0-0: Called Strike
0-1: Ground out 6-3 (Groundball, 4, EV 108.1 MPH)
Batting: RHB Dave Nickerson 0-0: Ball
1-0: Ball
2-0: Called Strike
2-1: Foul Ball, location: 2F
2-2: SINGLE (Line Drive, 3D, EV 98.8 MPH)
Batting: LHB Mark Buchholz 0-0: Foul Ball, location: 2F
0-1: SINGLE (Flyball, 6MD, EV 89.4 MPH)
Dave Nickerson to second
Batting: RHB Alex Munoz 0-0: Swinging Strike
0-1: Ball
1-1: Ball
2-1: Ball
3-1: Base on Balls
Dave Nickerson to third
Mark Buchholz to second
Batting: SHB David Beauchamp 0-0: Fielders Choice at 2nd, 5-4 (Groundball, 56, EV 78.1 MPH)
Top of the 6th over - 0 runs, 2 hits, 0 errors, 3 left on base; Gwinnett 3 - Oklahoma City 2
BOTTOM OF THE 6TH
Oklahoma City Dodgers batting - Pitching for Gwinnett Braves : LHP Eduardo Baez
Batting: RHB Curt Earnest 0-0: Ball
1-0: Ball
2-0: Called Strike
2-1: Called Strike
2-2: Ball
3-2: SINGLE (Groundball, 6MD, EV 97.5 MPH)
Batting: RHB Carlos Talavera 0-0: Ball
1-0: Ball
2-0: Called Strike
2-1: Foul Ball, location: 2F
2-2: Foul Ball, location: 2F
2-2: Foul Ball, location: 2F
2-2: Fly out, F8 (Line Drive, 89D, EV 92.5 MPH)
Batting: LHB Steve Pond 0-0: Called Strike
0-1: Fielders Choice at 2nd, 1-6 (Groundball, P, EV 75.0 MPH)
Batting: LHB Chris Fandino 0-0: SINGLE (Groundball, 4MD, EV 95.0 MPH)
Steve Pond to second
Throwing error, E8
Steve Pond scores
Chris Fandino to second
Batting: LHB Robin More 0-0: Called Strike
0-1: Ball
1-1: Ball
2-1: Swinging Strike
2-2: Ball
3-2: Strikes out looking
Bottom of the 6th over - 1 run, 2 hits, 1 error, 1 left on base; Gwinnett 3 - Oklahoma City 3
TOP OF THE 7TH
Gwinnett Braves batting - Pitching for Oklahoma City Dodgers : RHP Mike Zimmerly
Batting: RHB Mike Meeker 0-0: Ground out 6-3 (Groundball, 6, EV 105.6 MPH)
Batting: RHB Nate Taylor 0-0: Ball
1-0: Called Strike
1-1: Ground out U3 (Groundball, 34, EV 88.8 MPH)
Batting: RHB Edgar Castillo 0-0: Swinging Strike
0-1: Swinging Strike
0-2: Ball
1-2: Ball
2-2: Hit by Pitch
Pitching: RHP Takashi Kashiwabara
Batting: LHB Chris Locklear 0-0: Called Strike
Edgar Castillo steals 2nd base (no throw)
0-1: Called Strike
0-2: Ball
1-2: Strikes out swinging
Top of the 7th over - 0 runs, 0 hits, 0 errors, 1 left on base; Gwinnett 3 - Oklahoma City 3
BOTTOM OF THE 7TH
Oklahoma City Dodgers batting - Pitching for Gwinnett Braves : LHP Eduardo Baez
Batting: RHB T.J. Jordan 0-0: Called Strike
0-1: Foul Ball, location: 2F
0-2: Ball
1-2: Ball
2-2: Ball
3-2: Strikes out looking
Batting: LHB Darrell Ortega 0-0: Swinging Strike
0-1: Ball
1-1: Ball
2-1: Ball
3-1: Foul Ball, location: 2F
3-2: SINGLE (Groundball, 3D, EV 98.8 MPH)
Pitching: RHP Ryan Casey
Batting: RHB Theo Schepers 0-0: Called Strike
0-1: SINGLE (Groundball, 56, EV 103.1 MPH)
Darrell Ortega to second
Batting: RHB Jeremy Giesler 0-0: SINGLE (Groundball, 6M, EV 98.1 MPH) (infield hit)
Darrell Ortega to third
Theo Schepers to second
Batting: RHB Curt Earnest 0-0: Ball
1-0: Grounds into fielders choice 6-2 (Groundball, 6, EV 99.4 MPH)
Theo Schepers to third
Jeremy Giesler to second
Pinch Hitting: LHB Jose Robles 0-0: Called Strike
0-1: Foul Ball, location: 2F
0-2: Strikes out swinging
Bottom of the 7th over - 0 runs, 3 hits, 0 errors, 3 left on base; Gwinnett 3 - Oklahoma City 3
TOP OF THE 8TH
Gwinnett Braves batting - Pitching for Oklahoma City Dodgers : RHP Takashi Kashiwabara
Now at SS: Chris Raymond
Batting: SHB Brian Bagley 0-0: Called Strike
0-1: Foul Ball, location: 2F
0-2: DOUBLE (Groundball, 3L, EV 102.5 MPH)
Batting: RHB Dave Nickerson 0-0: Ball
1-0: Called Strike
1-1: Ball
2-1: Called Strike
2-2: Strikes out swinging
Batting: LHB Mark Buchholz 0-0: Intentional Walk
Batting: RHB Alex Munoz 0-0: Called Strike
0-1: Ball
1-1: Swinging Strike
1-2: Foul Ball, location: 2F
1-2: Strikes out swinging
Batting: SHB David Beauchamp 0-0: Called Strike
0-1: Ball
1-1: Foul Ball, location: 2F
1-2: Ball
2-2: Strikes out swinging
Top of the 8th over - 0 runs, 1 hit, 0 errors, 2 left on base; Gwinnett 3 - Oklahoma City 3
BOTTOM OF THE 8TH
Oklahoma City Dodgers batting - Pitching for Gwinnett Braves : RHP Ryan Casey
Batting: LHB Steve Pond 0-0: Foul Ball, location: 2F
0-1: SINGLE (Groundball, 34D, EV 105.6 MPH)
Pinch Runner at 1st Wing-kit Bu:
Batting: LHB Chris Fandino 0-0: Called Strike
Wing-kit Bu steals 2nd base (no throw)
0-1: Hit by Pitch
Batting: LHB Robin More 0-0: Ball
1-0: Fly out, F8 (Flyball, 8LD, EV 91.2 MPH)
Batting: RHB T.J. Jordan 0-0: Ball
1-0: Foul Ball, location: 2F
1-1: Foul Ball, location: 2F
1-2: Strikes out swinging
Batting: LHB Darrell Ortega 0-0: Ball
1-0: Foul Ball, location: 2F
1-1: Foul Ball, location: 2F
1-2: Ball
2-2: Foul Ball, location: 2F
2-2: Ground out 3-1 (Groundball, 34, EV 105.0 MPH)
Bottom of the 8th over - 0 runs, 1 hit, 0 errors, 2 left on base; Gwinnett 3 - Oklahoma City 3
TOP OF THE 9TH
Gwinnett Braves batting - Pitching for Oklahoma City Dodgers : RHP Takashi Kashiwabara
Pitching: RHP Juan Hurtado
Now in LF: Wing-kit Bu
Batting: RHB Mike Meeker 0-0: Ball
1-0: Called Strike
1-1: Foul Ball, location: 2F
1-2: Ball
2-2: Strikes out swinging
Batting: RHB Nate Taylor 0-0: Ball
1-0: Ground out 4-3 (Groundball, 4, EV 105.6 MPH)
Batting: RHB Edgar Castillo 0-0: Ball
1-0: Foul Ball, location: 2F
1-1: Foul Ball, location: 2F
1-2: Ball
2-2: Ball
3-2: Strikes out swinging
Top of the 9th over - 0 runs, 0 hits, 0 errors, 0 left on base; Gwinnett 3 - Oklahoma City 3
BOTTOM OF THE 9TH
Oklahoma City Dodgers batting - Pitching for Gwinnett Braves : RHP Ryan Casey
Pitching: LHP Justin Sullins
Batting: RHB Theo Schepers 0-0: Ball
1-0: Foul Ball, location: 2F
1-1: Fly out, F8 (Flyball, 78M, EV 94.4 MPH)
Batting: RHB Jeremy Giesler 0-0: Ball
1-0: Ball
2-0: Called Strike
2-1: Swinging Strike
2-2: Strikes out looking
Batting: RHB Curt Earnest 0-0: Ball
1-0: Ground out 6-3 (Groundball, 6, EV 89.4 MPH)
Bottom of the 9th over - 0 runs, 0 hits, 0 errors, 0 left on base; Gwinnett 3 - Oklahoma City 3
TOP OF THE 10TH
Gwinnett Braves batting - Pitching for Oklahoma City Dodgers : RHP Juan Hurtado
Batting: LHB Chris Locklear 0-0: Ball
1-0: Swinging Strike
1-1: Foul Ball, location: 2F
1-2: Strikes out swinging
Batting: SHB Brian Bagley 0-0: Foul Ball, location: 2F
0-1: Swinging Strike
0-2: Ball
1-2: Strikes out swinging
Batting: RHB Dave Nickerson 0-0: Ball
1-0: SINGLE (Groundball, 25, EV 70.6 MPH) (infield hit)
Batting: LHB Mark Buchholz 0-0: Ball
1-0: Called Strike
1-1: Called Strike
1-2: Strikes out swinging
Top of the 10th over - 0 runs, 1 hit, 0 errors, 1 left on base; Gwinnett 3 - Oklahoma City 3
BOTTOM OF THE 10TH
Oklahoma City Dodgers batting - Pitching for Gwinnett Braves : LHP Justin Sullins
Pitching: RHP Chong-hun Park
Batting: LHB Chris Raymond 0-0: Foul Ball, location: 2F
0-1: SINGLE (Line Drive, 7S, EV 106.2 MPH)
Batting: RHB Wing-kit Bu 0-0: Swinging Strike
0-1: SINGLE (Groundball, 25, EV 63.8 MPH) (infield hit)
Chris Raymond to second
Batting: LHB Chris Fandino 0-0: Foul Ball, location: 2F
0-1: Foul Ball, location: 2F
0-2: SINGLE (Flyball, 56D, EV 91.9 MPH)
Chris Raymond to third
Wing-kit Bu to second
Batting: LHB Robin More 0-0: Called Strike
0-1: Swinging Strike
0-2: Ball
1-2: Ball
2-2: Grounds into fielders choice 5-2 (Groundball, 6S, EV 69.4 MPH)
Wing-kit Bu to third
Chris Fandino to second
Batting: RHB T.J. Jordan 0-0: Called Strike
0-1: Ball
1-1: Ball
2-1: Foul Ball, location: 2F
2-2: Fly out, F7 (Line Drive, 78S, EV 106.9 MPH)
Batting: LHB Darrell Ortega 0-0: Ball
1-0: Foul Ball, location: 2F
1-1: Ball
2-1: Ball
3-1: Swinging Strike
3-2: Foul Ball, location: 2F
3-2: SINGLE (Groundball, 56D, EV 103.1 MPH)
Wing-kit Bu scores
Bottom of the 10th over - 1 run, 4 hits, 0 errors, 2 left on base; Gwinnett 3 - Oklahoma City 4
Tuesday, March 28th , 2023 - OOTP Baseball 23.10 Build 110